 Dungeon Crawl Stone Soup version 0.30-a0-867-g305f33218d (webtiles) character file.

Game seed: 12295757276927542740

203 Dittersdorf the Shield-Bearer (level 5, -2/34 HPs)
             Began as a Gargoyle Fighter on Mar 10, 2023.
             Was an Initiate of Okawaru.
             Slain by an ogre
             ... wielding a +0 giant club
              (11 damage)
             ... on level 3 of the Dungeon.
             The game lasted 00:03:47 (3081 turns).

Dittersdorf the Shield-Bearer (Gargoyle Fighter)    Turns: 3081, Time: 00:03:48

Health: -2/34      AC: 14    Str: 21    XL:     5   Next: 81%
Magic:  14/14      EV:  7    Int:  9    God:    Okawaru [......]
Gold:   121        SH:  5    Dex: 15    Spells: 4/4 levels left

rFire   . . .      SeeInvis .    a - +1 flail
rCold   . . .      Faith    .    c - +0 buckler
rNeg    + . .      Spirit   .    h - +0 chain mail
rPois   ∞          Reflect  .    (no helmet)
rElec   +          Rampage  .    l - +0 cloak
rCorr   .                        (no gloves)
Will    .....                    (no boots) Stlth
                                 (no amulet)
HPRegen 0.25/turn                q - ring of magical power
MPRegen 0.14/turn                b - +6 ring of dexterity

@: no status effects
A: sickness immunity, AC +4, negative energy resistance 1, electricity
resistance, torment resistance 1, petrification resistance
a: Renounce Religion


You were on level 3 of the Dungeon.
You worshipped Okawaru.
Okawaru was noncommittal.
You visited 2 branches of the dungeon, and saw 5 of its levels.

You collected 121 gold pieces.

Inventory:

Hand Weapons
 a - a +1 flail (weapon)
Armour
 c - a +0 buckler (worn)
 h - a +0 chain mail (worn)
 l - a +0 cloak (worn)
Jewellery
 b - a +6 ring of dexterity (right hand)
 q - a ring of magical power (left hand)
Potions
 d - a potion of might
 e - a potion of cancellation
 i - a potion of heal wounds
 j - 3 potions of lignification {unknown}
 k - 2 potions of haste {unknown}
 p - 2 potions of curing {unknown}
 s - a potion of degeneration {unknown}
 t - a potion of invisibility {unknown}
 u - a potion of mutation


   Skills:
 + Level 4.4 Fighting
 + Level 3.2 Maces & Flails
 + Level 4.4 Armour
 + Level 4.5 Shields


You had 4 spell levels left.
You didn't know any spells.
Your spell library was empty.

Dungeon Overview and Level Annotations

Branches:
Dungeon (4/15)             Temple (1/1) D:4

Altars:
Dithmenos
Nemelex Xobeh
Okawaru
Qazlal
Uskayaw
Wu Jian
Zin


Innate Abilities, Weirdness & Mutations

You are immune to sickness and miasma.
Your stone body is resilient. (AC +4)
You are immune to poison.
You resist negative energy. (rN+)
You are resistant to electric shocks. (rElec)
You are resistant to unholy torment.
You are immune to petrification.


Message History

You climb downwards.
The endoplasm hits you but does no damage.
The ogre hits you with a +0 giant club.
The endoplasm hits you but does no damage.
There is a stone staircase leading up here.
You see here 2 scrolls of vulnerability.
HP restored.
The ogre hits you with a +0 giant club! The endoplasm freezes you.
You are frozen.
You climb upwards.
There is a stone staircase leading down here.
The endoplasm freezes you.
You are frozen.
The endoplasm attacks as you move away!
The endoplasm hits you but does no damage.
The endoplasm attacks as you move away! The endoplasm hits you.
The endoplasm attacks as you move away! The endoplasm barely misses you.
The endoplasm attacks as you move away!
The endoplasm hits you but does no damage.
The endoplasm attacks as you move away! The endoplasm completely misses you.
The endoplasm attacks as you move away! You block the endoplasm's attack.
The endoplasm attacks as you move away! You block the endoplasm's attack.
The endoplasm attacks as you move away!
The endoplasm hits you but does no damage.
You hit the endoplasm.
You kill the endoplasm!
Okawaru accepts your kill.
You sock the ogre!
The ogre is heavily wounded.
You block the ogre's attack.
You barely miss the ogre.
The ogre is heavily wounded.
The ogre hits you with a +0 giant club!
* * * LOW HITPOINT WARNING * * *
You barely miss the ogre.
The ogre is heavily wounded.
You sock the ogre!
The ogre is severely wounded.
The ogre hits you with a +0 giant club!
You die...

##.......###..##.....#...
#........##..##.#.####..
#......>.##..##.#..# #..
#.....##.##..##.##.#####
####.....#...#######...####
#..........8...###...8....#
#.....#..#.............#...
#.....#..###O...<.)..####.#
#.....#..O@###...).###.....
#.....###### ##.8.## ####..
#..>..# ###.....###.....
#.....######....>....###.#.
#.....+..#.......).....#...
#.....##...8...###...8.'...
#.....'..#...### ###...#...
#.....#####'## #.##+##...
#.#+#######.# #.........


You could see an ogre.

Vanquished Creatures
  A hound (D:4)
  An orc priest (D:4)
  An orc wizard (D:4)
  3 adders (D:3)
  3 dart slugs
  7 orcs
  5 ball pythons
  6 bats
  8 endoplasms
  5 giant cockroaches
  6 goblins
  5 hobgoblins
  7 kobolds
  4 quokkas (D:1)
  3 frilled lizards
  12 rats
77 creatures vanquished.

Notes
Turn   | Place    | Note
-------+----------+-------------------------------------------
     0 | D:1      | Dittersdorf the Gargoyle Fighter began the quest for the
                  | Orb.
     0 | D:1      | Reached XP level 1. HP: 14/14 MP: 1/1
    78 | D:1      | Reached XP level 2. HP: 6/19 MP: 2/2
   304 | D:1      | Reached XP level 3. HP: 23/23 MP: 3/3
  1580 | D:3      | Reached XP level 4. HP: 29/29 MP: 4/4
  2565 | D:4      | Reached XP level 5. HP: 19/33 MP: 5/5
  2644 | D:4      | Found a staircase to the Ecumenical Temple.
  2655 | Temple   | Entered the Ecumenical Temple
  2708 | Temple   | Became a worshipper of Warmaster Okawaru
  2787 | D:4      | Found a glowing silver altar of Zin.
  2940 | D:4      | Noticed an ogre
  3081 | D:3      | Slain by an ogre

Illustrated notes

Levels and vault maps discovered:
D:1:      wander_arrival_lonely_grave, layout_basic
D:2:      layout_basic
D:3:      layout_basic, grunt_ministairs_13, kennysheep_generic_room_7
D:4:      layout_basic, old_standard_altar, temple_hall
Temple:   nicolae_temple_slightly_damp_pantheon

Skill      XL: |  1  2  3  4 |
---------------+-------------+-----
Shields        | 4 |  4.5
Fighting       | 4 |  4.4
Armour         | 4 |  4.4
Maces & Flails | 3 |  3.2

Action                     |  1- 3 |  4- 6 || total
---------------------------+-------+-------++-------
  Melee: Flail             |   146 |   122 ||   268
    Use: Scroll            |       |     9 ||     9
 Armour: Scale mail        |     8 |       ||     8
         Chain mail        |   102 |   123 ||   225
  Dodge: Dodged            |    62 |    59 ||   121
  Block: Buckler           |    38 |    36 ||    74

Table legend: (Time is in decaauts)
 A = Elapsed time spent in this place.
 B = Non-inter-level travel time spent in this place.
 C = Inter-level travel time spent in this place.
 D = Time resting spent in this place.
 E = Time spent auto-exploring this place.
 F = Levels seen in this place.
 G = Mean time per level.
                   A        B        C        D        E       F      G
               +--------+--------+--------+--------+--------+-----+--------+
         Total |   3164 |   3040 |    124 |    166 |   2163 |   5 |  632.8 |
       Dungeon |   3090 |   2985 |    105 |    166 |   2119 |   4 |  772.5 |
        Temple |     73 |     54 |     19 |      0 |     44 |   1 |   73.0 |
               +--------+--------+--------+--------+--------+-----+--------+

Top non-repeatable levels by time:
     D:3: 895 daAuts
     D:2: 830 daAuts
     D:1: 793 daAuts
     D:4: 570 daAuts
  Temple: 73 daAuts
